 Dungeon Crawl Stone Soup version 0.28-a0-1233-g92def6ad0a (webtiles) character file.

Game seed: 16897338247625868736

115963 HessuHobo the Fencer (level 16, -12/97 HPs)
             Began as a Gargoyle Fighter on Dec 23, 2021.
             Was the Champion of Okawaru.
             Killed from afar by a thorn hunter (47 damage)
             ... with a volley of thorns
             ... on level 3 of the Swamp.
             The game lasted 02:22:31 (37395 turns).

HessuHobo the Fencer (Gargoyle Fighter)            Turns: 37395, Time: 02:22:31

Health: -12/97     AC: 42    Str: 28    XL:     16   Next: 34%
Magic:  19/23      EV:  8    Int: 13    God:    Okawaru [******]
Gold:   1433       SH:  4    Dex:  9    Spells: 15/15 levels left

rFire   + . .      SeeInvis .   i - +9 scimitar (freeze)
rCold   + + .      Faith    .   a - +0 buckler
rNeg    + . .      Spirit   .   B - +4 plate armour
rPois   ∞          Reflect  .   n - +2 hat
rElec   +          Harm     .   g - +2 cloak {Will+}
rCorr   .          Rampage  .   w - +0 pair of gloves {infuse}
Will    ++...                   Q - +1 pair of boots "Ceeble Qagh" {Int+4 Slay+2}
Stlth   ..........              C - amulet of regeneration
HPRegen 1.06/turn               j - ring of protection from fire
MPRegen 0.18/turn               E - ring of protection from cold

@: flying
A: sickness immunity, AC +12, big wings, negative energy resistance 1,
electricity resistance, torment resistance 1, petrification resistance, cold
resistance 1, frail 1
}: 1/15 runes: decaying
a: Renounce Religion, Heroism, Finesse, Duel


You were on level 3 of the Swamp.
You worshipped Okawaru.
Okawaru was exalted by your worship.
You visited 6 branches of the dungeon, and saw 25 of its levels.
You also visited: Sewer and Ossuary.

You collected 1746 gold pieces.
You spent 313 gold pieces at shops.

Inventory:

Hand Weapons
 i - a +9 scimitar of freezing (weapon)
 U - the +8 whip "Snakebite" {venom, curare, rPois}
   (You found it on level 5 of the Lair of Beasts)

   It poisons the flesh of those it strikes.
   It occasionally inflicts asphyxiating poison on those it strikes, dealing
   poison damage and causing slowness.
   rPois:     It protects you from poison.
 V - a +0 vampiric triple sword
Missiles
 t - 107 poisoned darts (quivered)
 T - 3 atropa-tipped darts
Armour
 a - a +0 buckler (worn)
 g - a +2 cloak of willpower (worn)
 n - a +2 hat (worn)
 w - a +0 pair of gloves of infusion (worn)
 B - a +4 plate armour (worn)
 P - +0 acid dragon scales
 Q - the +1 pair of boots "Ceeble Qagh" (worn) {Int+4 Slay+2}
   (You bought it in a shop on level 9 of the Dungeon)

   Int:       It affects your intelligence (+4).
   Slay:      It affects your accuracy & damage with ranged weapons and melee
   (+2).
Jewellery
 j - a ring of protection from fire (left hand)
 C - an amulet of regeneration (around neck)
 D - a ring of protection from fire
 E - a ring of protection from cold (right hand)
 N - a ring of willpower
Wands
 o - a wand of mindburst (24)
 u - a wand of paralysis (4)
 y - a wand of flame (48)
 F - a wand of iceblast (24)
 G - a wand of acid (10)
 R - a wand of polymorph (36)
 Y - a wand of digging (3)
Scrolls
 b - a scroll of fear {unknown}
 c - a scroll of torment {unknown}
 d - 3 scrolls of summoning
 h - 2 scrolls of noise {unknown}
 k - a scroll of brand weapon {unknown}
 p - 5 scrolls of teleportation
 r - a scroll of holy word {unknown}
 s - 4 scrolls of magic mapping
 v - 2 scrolls of fog
 x - 5 scrolls of enchant weapon
 I - 2 scrolls of blinking
 K - a scroll of silence {unknown}
 M - 2 scrolls of immolation {unknown}
 S - 2 scrolls of acquirement {unknown}
 X - a scroll of amnesia {unknown}
Potions
 e - 2 potions of berserk rage
 l - a potion of haste
 m - 11 potions of curing
 q - a potion of mutation
 z - 2 potions of brilliance
 A - 2 potions of resistance
 H - 5 potions of attraction
 J - 2 potions of cancellation
 L - 4 potions of might
 O - 3 potions of lignification
 W - a potion of magic {unknown}
Miscellaneous
 f - a lightning rod (4/4)
 Z - a tin of tremorstones (2/2)


   Skills:
 + Level 15.2 Fighting
 * Level 17.6 Long Blades
 + Level 14.6 Armour
 - Level 3.0 Stealth
 - Level 4.0 Shields
 - Level 10.0 Invocations
 - Level 5.0 Evocations


You had 15 spell levels left.
You didn't know any spells.
Your spell library contained the following spells:

 Spells                   Type           Power      Damage    Failure   Level
 Freeze                   Ice            0%         1d3       88%         1
 Slow                     Hex            0%         N/A       88%         1
 Ensorcelled Hibernation  Hex/Ice        0%         N/A       96%         2
 Wereblood                Tmut           0%         N/A       96%         2
 Confusing Touch          Hex            0%         N/A       99%         3
 Conjure Flame            Conj/Fire      0%         6-21      99%         3
 Frozen Ramparts          Ice            0%         1d2       99%         3
 Ignite Poison            Fire/Tmut/Pois 0%         N/A       99%         3
 Mephitic Cloud           Conj/Pois/Air  0%         N/A       99%         3
 Ozocubu's Armour         Ice            0%         N/A       99%         3
 Hailstorm                Conj/Ice       0%         3d3       100%        4
 Petrify                  Tmut/Erth      0%         N/A       100%        4
 Blade Hands              Tmut           0%         N/A       100%        5
 Freezing Cloud           Conj/Ice/Air   0%         6-21      100%        5
 Irradiate                Conj/Tmut      0%         3d13      100%        5
 Yara's Violent Unravell  Hex/Tmut       0%         3d3       100%        5
 Iron Shot                Conj/Erth      0%         9d1       100%        6
 Starburst                Conj/Fire      0%         6d3       100%        6
 Sublimation of Blood     Necr           Unusable   N/A       N/A         2
 Tukima's Dance           Hex            Unusable   N/A       N/A         3
 Animate Armour           Summ/Erth      Unusable   N/A       N/A         4
 Summon Hydra             Summ           Unusable   N/A       N/A         7

Dungeon Overview and Level Annotations

Branches:
Dungeon (12/15)            Temple (1/1) D:7            Lair (6/6) D:10
  Swamp (4/4) Lair:2       Spider (1/4) Lair:4        Slime (0/5) Lair:5
    Orc (1/2) D:11          Sewer (visited)         Ossuary (visited)

Altars:
Ashenzari
Cheibriados
Dithmenos
Elyvilon
Fedhas
Gozag
Hepliaklqana
Kikubaaqudgha
Makhleb
Nemelex Xobeh
Okawaru
Qazlal
Ru
Sif Muna
Trog
Uskayaw
Vehumet
Wu Jian
Xom
Yredelemnul
Zin
The Shining One
Beogh
Jiyva

Shops:
D:7 :   D:8 *   D:9 *   D:10 !   D:11 (

Annotations:
D:6 4 exclusions
D:9 1 runed translucent door, exclusion: door, fritzmikael's ghost, novice TrFi
Lair:5 1 runed translucent door
Lair:6 3 runed translucent doors, Vetuhose's ghost, journeyman MiFi
Swamp:2 exclusion: fenstrider witch
Swamp:3 Roxanne


Innate Abilities, Weirdness & Mutations

You are immune to sickness and miasma.
Your stone body is resilient. (AC +12)
You are immune to poison.
Your large and strong wings let you fly.
You resist negative energy. (rN+)
You are resistant to electric shocks. (rElec)
You are resistant to unholy torment.
You are immune to petrification.
Your flesh is cold resistant. (rC+)
You are frail. (-10% HP)


Message History

You start resting.
A thorn hunter is nearby!
Throw: 110 darts (poison)
Press: ? - help, Q - select action, (/) - cycle Shift-Dir - straight line, f - thorn hunter
Aim: a thorn hunter (wandering, hasn't noticed you, 69% to hit)
You throw a poisoned dart.
The poisoned dart hits the thorn hunter.
Throw: 109 darts (poison)
Press: ? - help, Q - select action, (/) - cycle Shift-Dir - straight line, f/p - thorn hunter
Aim: a thorn hunter (thin mist, 69% to hit)
You throw a poisoned dart.
The poisoned dart hits the thorn hunter.
You hear a splash.
Throw: 108 darts (poison)
Press: ? - help, Q - select action, (/) - cycle Shift-Dir - straight line, f/p - thorn hunter
Aim: a thorn hunter (69% to hit)
You throw a poisoned dart.
The poisoned dart barely misses the thorn hunter.
You closely miss the thorn hunter.
The thorn hunter hits you but does no damage. x2
You barely miss the thorn hunter. You slash the thorn hunter!
You freeze the thorn hunter.
The thorn hunter is moderately damaged.
The thorn hunter fires a volley of thorns at you.
The volley of thorns hits you.
You slice the thorn hunter!! You freeze the thorn hunter!
The thorn hunter is heavily damaged.
The thorn hunter fires a volley of thorns at you.
The volley of thorns hits you!!!
You slash the thorn hunter! You freeze the thorn hunter!
The thorn hunter is severely damaged.
The thorn hunter fires a volley of thorns at you.
The volley of thorns hits you!!
Press: ? - help, v - describe, . - travel The floor.
You slice the thorn hunter!! You freeze the thorn hunter.
The thorn hunter is almost destroyed.
The thorn hunter fires a volley of thorns at you.
The volley of thorns hits you!!!
You die...

...♣♣♣≈≈≈≈.♣ ♣♣♣f♣♣♣♣ ≈≈≈≈≈≈♣
§≈§.♣≈≈≈≈≈≈♣♣ ♣≈.♣♣ ..≈≈..♣
≈≈≈.♣≈≈≈≈≈≈≈.♣♣ ♣(♣♣♣♣.≈....♣
..≈...§≈≈§≈≈≈.♣♣♣(.≈..♣≈.♣.♣♣
♣♣♣♣♣..≈≈.≈.....(.≈≈≈.≈..♣
♣≈..≈≈≈≈.≈≈≈≈≈(≈≈≈...≈≈♣
♣♣..≈≈≈≈≈≈≈≈≈≈§≈≈≈..≈..♣
♣♣♣♣♣§≈≈≈≈..≈≈≈≈≈≈≈≈.......
...........≈≈≈≈≈@f.≈≈≈§§...
P....PP....≈.§≈.♣♣≈.≈≈≈..♣♣
PP≈≈PPPP.≈≈≈≈≈.♣♣.≈≈.....♣
PP≈≈PPPP......≈♣♣≈≈≈...≈≈♣
PPP..≈≈..≈≈≈.≈≈♣♣)≈..(.≈§♣
≈PP..≈≈....♣♣≈≈≈♣♣♣♣♣..(≈.
≈PP..≈≈..≈.≈≈.≈≈♣ ♣..≈.
P.P..≈≈....≈....♣ ≈≈.
P≈≈≈≈≈≈≈..≈....♣♣


You could see a thorn hunter.

Vanquished Creatures
  the Lernaean hydra (Swamp:4)
  2 thorn hunters
  2 eleionomae (Swamp:3)
  3 bunyips
  Snorg (Lair:4)
  Josephine (D:11)
  A shambling mangrove (Swamp:3)
  19 hydras
  2 boulder beetles
  A ghost crab (Swamp:3)
  4 merfolk avatars (Swamp:1)
  3 catoblepae (Lair:6)
  5 alligators
  A two-headed ogre (D:11)
  8 death yaks
  4 goliath frogs
  5 spriggan druids
  4 bog bodies
  15 swamp dragons
  An orc knight (D:11)
  An oklob plant (Lair:1)
  2 cyclopes (D:11)
  4 wolf spiders
  2 orb spiders (Spider:1)
  2 manticores (Lair:6)
  3 will-o-the-wisps
  15 elephants
  9 black mambas
  Maurice (D:8)
  10 centaur zombies
  12 cane toads
  3 rime drakes
  9 komodo dragons
  2 demonic crawlers
  7 tyrant leeches
  4 hornets
  4 trolls
  2 polar bears (Lair:5)
  12 blink frogs
  5 dream sheep (Lair:6)
  A slime creature (D:12)
  A vampire (D:7)
  3 tarantellas
  9 spriggans
  4 wraiths (D:11)
  A wyvern (D:8)
  42 yaks
  5 basilisks
  A human (D:7)
  4 hogs (D:7)
  A steam dragon (D:9)
  14 swamp worms
  4 vampire mosquitoes (D:11)
  3 acid dragons
  A cane toad zombie (D:10)
  17 water moccasins
  13 orc warriors
  A sky beast (D:8)
  13 swamp drakes
  2 black bears
  An ice beast (D:6)
  2 necrophages
  7 centaurs
  4 ogres
  A phantom (D:4)
  19 wolves
  2 kobold brigands
  2 gnoll sergeants
  14 bullfrogs
  10 scorpions
  10 killer bees
  3 electric eels
  A howler monkey (D:10)
  3 human zombies (Ossuary)
  6 hounds
  2 jellies (D:4)
  12 orc priests
  2 gnoll shamans
  2 bullfrog skeletons
  3 scorpion zombies (Ossuary)
  3 iguanas
  14 orc wizards
  7 hell rats (Lair:6)
  2 killer bee zombies
  3 mummies (Ossuary)
  A howler monkey zombie (D:5)
  13 gnolls
  A howler monkey skeleton (D:7)
  14 adders
  4 river rats
  A shadow imp (D:7)
  2 ufetubi
  An adder zombie (D:5)
  4 worms
  4 dart slugs
  79 orcs
  A bat (D:2)
  6 endoplasms
  11 giant cockroaches
  4 gnoll zombies (Ossuary)
  11 goblins
  11 hobgoblins
  6 jackals
  4 quokkas
  14 ball pythons
  11 frilled lizards
  3 goblin zombies (Ossuary)
  A hobgoblin zombie (Ossuary)
  11 kobolds
  3 orc zombies (Ossuary)
  11 rats
699 creatures vanquished.

Vanquished Creatures (others)
  An alligator (Swamp:3)
  A spriggan druid (Swamp:4)
  4 bloated husks
  3 briar patches (Swamp:4)
  20 foxfires
  29 fungi
  84 plants
  17 toadstools (Lair:1)
159 creatures vanquished.

Grand Total: 858 creatures vanquished

Notes
Turn   | Place    | Note
-------+----------+-------------------------------------------
     0 | D:1      | HessuHobo the Gargoyle Fighter began the quest for the Orb.
     0 | D:1      | Reached XP level 1. HP: 14/14 MP: 1/1
   296 | D:1      | Reached skill level 2 in Long Blades
   316 | D:1      | Reached XP level 2. HP: 13/19 MP: 2/2
   679 | D:1      | Reached skill level 1 in Stealth
   800 | D:1      | Reached XP level 3. HP: 23/23 MP: 3/3
  1950 | D:2      | Reached XP level 4. HP: 28/28 MP: 4/4
  2916 | D:3      | Found a white marble altar of Elyvilon.
  2994 | D:3      | Reached skill level 3 in Long Blades
  3315 | D:4      | Reached XP level 5. HP: 33/33 MP: 5/5
  3822 | D:4      | Noticed a phantom
  3934 | D:4      | Killed a phantom
  3935 | D:4      | Reached XP level 6. HP: 11/38 MP: 6/6
  4674 | D:4      | Noticed a necrophage
  4714 | D:4      | Killed a necrophage
  4715 | D:4      | Reached skill level 4 in Long Blades
  5030 | D:5      | Entered Level 5 of the Dungeon
  5040 | D:5      | Noticed an orc warrior
  5172 | D:5      | Reached skill level 5 in Fighting
  5172 | D:5      | Reached skill level 5 in Long Blades
  5172 | D:5      | Reached skill level 5 in Armour
  5172 | D:5      | Reached XP level 7. HP: 22/44 MP: 0/7
  5774 | D:5      | Reached XP level 8. HP: 48/50 MP: 5/8
  6156 | D:5      | Reached skill level 6 in Long Blades
  6973 | D:6      | Found a glowing drain.
  7064 | Sewer    | Entered a sewer
  7247 | Sewer    | Found a glowing silver altar of Zin.
  7612 | D:6      | Reached skill level 7 in Long Blades
  7650 | D:6      | Noticed a hornet
  7657 | D:6      | Gained mutation: You are frail. (-10% HP) [potion of
                  | mutation]
  7657 | D:6      | Gained mutation: Your flesh is cold resistant. (rC+)
                  | [potion of mutation]
  7664 | D:6      | Killed a hornet
  7665 | D:6      | Reached XP level 9. HP: 36/50 MP: 4/9
  8150 | D:6      | Reached skill level 8 in Long Blades
  9814 | D:7      | Found a staircase to the Ecumenical Temple.
  9841 | Temple   | Entered the Ecumenical Temple
 10122 | Temple   | Became a worshipper of Warmaster Okawaru
 10408 | D:7      | Found Suat Ray's Book Emporium.
 10721 | D:7      | Reached skill level 1 in Invocations
 10818 | D:7      | Reached XP level 10. HP: 53/57 MP: 6/11
 10834 | D:7      | Reached skill level 9 in Long Blades
 10839 | D:7      | Reached * piety under Okawaru
 11387 | D:8      | Found a sand-covered staircase.
 11397 | Ossuary  | Entered an ossuary
 12312 | D:8      | Reached ** piety under Okawaru
 12438 | D:8      | Noticed Maurice
 12449 | D:8      | Killed Maurice
 12860 | D:8      | Found Xafazank's CLEARANCE SALE!.
 13254 | D:8      | Reached skill level 10 in Long Blades
 13910 | D:9      | Noticed fritzmikael's ghost (novice TrFi)
 13911 | D:9      | Found a runed translucent door.
 13911 | D:9      | Identified the +5 spear "Kuqokot" {freeze, Int+4}
 13950 | D:9      | Found Bavideso's Assorted Antiques.
 13958 | D:9      | Bought a pair of ancient boots for 313 gold pieces
 13958 | D:9      | Identified the +1 pair of boots "Ceeble Qagh" {Int+4
                  | Slay+2} (You bought it in a shop on level 9 of the Dungeon)
 14165 | D:9      | Reached *** piety under Okawaru
 14166 | D:9      | Reached XP level 11. HP: 32/63 MP: 0/14
 14953 | D:10     | Entered Level 10 of the Dungeon
 15027 | D:10     | Found a staircase to the Lair.
 15150 | D:10     | Reached skill level 5 in Invocations
 15347 | D:9      | Reached **** piety under Okawaru
 16158 | D:10     | Found Rercheipn's Distillery.
 16549 | D:10     | Reached skill level 11 in Long Blades
 17116 | D:11     | Got the Grimoire of Burning Ice
 17127 | D:11     | Noticed a cyclops
 17366 | Lair:1   | Entered Level 1 of the Lair of Beasts
 17410 | Lair:1   | Noticed an eight-headed hydra
 17426 | D:10     | Reached skill level 10 in Fighting
 17426 | D:10     | Reached skill level 10 in Armour
 17993 | D:11     | Noticed an orc knight
 18248 | D:11     | Noticed Josephine
 18275 | D:11     | Killed Josephine
 18275 | D:11     | Reached ***** piety under Okawaru
 18276 | D:11     | Reached XP level 12. HP: 44/70 MP: 0/16
 18673 | D:11     | Noticed a two-headed ogre
 18717 | D:11     | Killed a two-headed ogre
 18717 | D:11     | Received a gift from Okawaru
 18718 | D:11     | Reached skill level 12 in Long Blades
 19034 | D:11     | Found Oggih's Antique Weapon Shoppe.
 19875 | D:11     | Found a staircase to the Orcish Mines.
 20030 | D:12     | Noticed a boulder beetle
 20435 | D:12     | Killed a boulder beetle
 21182 | Orc:1    | Entered Level 1 of the Orcish Mines
 21510 | D:12     | Found an ancient bone altar of Kikubaaqudgha.
 21585 | D:10     | Killed an 11-headed hydra
 21966 | Lair:1   | Found a blossoming altar of Fedhas.
 22033 | Lair:1   | Received a gift from Okawaru
 22230 | Lair:1   | Reached skill level 13 in Long Blades
 23421 | Lair:1   | Reached XP level 13. HP: 51/75 MP: 16/19
 24114 | Lair:2   | Found a staircase to the Swamp.
 24141 | Lair:2   | Reached skill level 1 in Evocations
 26434 | Lair:4   | Noticed Snorg
 26442 | Lair:4   | Killed Snorg
 26496 | Lair:4   | Found a shimmering altar of Xom.
 26505 | Lair:4   | Identified the +11 trident of Famine {venom, rElec Will+
                  | Str+3 Dex+4}
 26956 | Lair:4   | Found a hole to the Spider Nest.
 26964 | Lair:4   | Received a gift from Okawaru
 27664 | Lair:5   | Reached skill level 14 in Long Blades
 28339 | Lair:5   | Gained mutation: Your large and strong wings let you fly.
                  | [Gargoyle growth]
 28339 | Lair:5   | Reached XP level 14. HP: 77/82 MP: 12/21
 28560 | Lair:5   | Reached skill level 10 in Invocations
 28674 | Lair:5   | Received a gift from Okawaru
 28714 | Lair:5   | Found the +8 whip "Snakebite" {venom, curare, rPois}
 29064 | Lair:5   | Noticed an azure jelly
 29065 | Lair:5   | Found a runed translucent door.
 29065 | Lair:5   | Found a viscous altar of Jiyva.
 29065 | Lair:5   | Found a staircase to the Slime Pits.
 29628 | Lair:6   | Entered Level 6 of the Lair of Beasts
 30229 | Lair:6   | Noticed Vetuhose's ghost (journeyman MiFi)
 30353 | Lair:6   | Reached ****** piety under Okawaru
 30353 | Lair:6   | Received a gift from Okawaru
 30606 | Lair:6   | Found a runed translucent gate.
 30607 | Lair:6   | Found a runed translucent gate.
 30608 | Lair:6   | Found a runed translucent gate.
 30700 | Lair:6   | Reached skill level 15 in Long Blades
 30700 | Lair:6   | Reached skill level 5 in Evocations
 32166 | Spider:1 | Entered Level 1 of the Spider Nest
 32727 | Lair:2   | Reached XP level 15. HP: 89/89 MP: 16/22
 32774 | Swamp:1  | Entered Level 1 of the Swamp
 33330 | Swamp:1  | Received a gift from Okawaru
 33585 | Swamp:1  | Reached skill level 16 in Long Blades
 34183 | Swamp:2  | Noticed a fenstrider witch
 34331 | Swamp:2  | Noticed a thorn hunter
 34340 | Swamp:2  | Killed a thorn hunter
 34427 | Swamp:2  | Received a gift from Okawaru
 34525 | Swamp:2  | You are sucked into a shaft and drop 1 floor!
 34525 | Swamp:3  | Noticed Roxanne
 34540 | Swamp:3  | Noticed a thorn hunter
 34553 | Swamp:4  | Entered Level 4 of the Swamp
 34918 | Swamp:4  | Noticed a thorn hunter
 34939 | Swamp:4  | Killed a thorn hunter
 35404 | Swamp:4  | Received a gift from Okawaru
 35486 | Swamp:4  | Reached skill level 17 in Long Blades
 35579 | Swamp:4  | Noticed the 27-headed Lernaean hydra
 35729 | Swamp:3  | Reached XP level 16. HP: 96/96 MP: 16/23
 35867 | Swamp:4  | Received a gift from Okawaru
 36333 | Swamp:4  | Killed the 27-headed Lernaean hydra
 36334 | Swamp:4  | Reached skill level 15 in Fighting
 36651 | Swamp:4  | Got a decaying rune of Zot
 37395 | Swamp:3  | Killed from afar by a thorn hunter

Illustrated notes

Levels and vault maps discovered:
D:1:      mrwooster_arrival_statue, layout_rooms, chequers_serial_rivers_room_b
D:2:      kb_forest_paths, layout_basic, minmay_joined_circles
D:3:      layout_rooms, elyvilon_altar_3, minmay_misc_feat_rugged
D:4:      layout_loops_corners
D:5:      layout_cave_pools, minmay_increasing_density
D:6:      layout_layer_cave, portal_sewer_entry_a, centaur_isle
D:7:      layout_loops_ring, minmay_temple_entry_slanted, serial_glass,
          glass_columns_a, glass_columns_c, serial_shops, nicolae_shop_trees,
          grunt_livestock, grunt_ministairs_8
D:8:      layout_basic, enter_ossuary_1, nicolae_shop_clearance, uniq_maurice
D:9:      layout_basic, serial_shops, nicolae_shop_advertising_works
          [nicolae_subvault_shop_adworks], ebering_ghost_funeral_grove,
          minivault_25, billiards_dpeg
D:10:     layout_roguey, erik_lair_island, serial_shops, nicolae_square_shop,
          kennysheep_generic_room_6
D:11:     layout_cave_pods, david_orc_5, enter_bailey_3, special_room
          [special_room_orc], serial_shops, shop, uniq_josephine
D:12:     layout_rooms, serial_shops, shop, shop_coins,
          ebering_ghost_rock_garden, minmay_misc_feat_diagonals,
          grunt_decor_mini_mirrors, kiku_gazebo_pond_becter
Temple:   mainiacjoe_temple_hex_bubbles
Lair:1:   layout_concentric_octagons, tgw_fedhas
Lair:2:   layout_loops_ring, nicolae_swamp_entry_splash_gauntlet, minivault_25,
          beast_lair_carwin_1
Lair:3:   layout_cave_shapes, serial_bayou_shore_b
Lair:4:   layout_regular_city, nicolae_spider_entry_non_spiders, basic_altar,
          uniq_snorg
Lair:5:   minmay_guarded_unrand_snakebite, layout_cave_pods, slime_altar_2
Lair:6:   evilmike_catoblepas_cave, layout_regular_city, gammafunk_ghost_split,
          infiniplex_staircase_pool_2
Swamp:1:  layout_falls_marsh, hangedman_swamp_ruin_wall, grunt_lady_of_the_lake
Swamp:2:  layout_basic_swamp, evilmike_swamp_ruin_wall
Swamp:3:  nicolae_swamp_husk_halls, layout_basic_swamp,
          nicolae_swamp_some_circles, uniq_roxanne
Swamp:4:  swamp_old_school, layout_basic_swamp, swamp_pool5,
          hangedman_swamp_lotus, nicolae_swamp_spriggan_camp
Spider:1: layout_spider_delve, drop_trap, uniq_donald
Orc:1:    layout_caves

Skill      XL: |  1  2  3  4  5  6  7  8  9 10 11 12 13 14 15 16 |
---------------+-------------------------------------------------+-----
Long Blades    | 2 3 5 7 8 10 11 13 14 15 17 | 17.6
Stealth        | 1 2 3 |  3.0
Fighting       | 4 5 6 8 9 10 11 12 13 14 15 | 15.2
Armour         | 4 5 6 7 9 10 11 12 14 | 14.6
Shields        | 4 |  4.0
Invocations    | 1 4 6 8 9 10 | 10.0
Evocations     | 3 5 |  5.0

Action                   |  1- 3 |  4- 6 |  7- 9 | 10-12 | 13-15 | 16-18 || total
-------------------------+-------+-------+-------+-------+-------+-------++-------
Melee: Long sword        |   177 |   210 |   363 |   858 |       |       ||  1608
       Great sword       |       |       |       |   197 |   862 |       ||  1059
       Scimitar          |       |       |       |       |   189 |    61 ||   250
       Whip              |       |       |       |       |   105 |    84 ||   189
Throw: Stone             |     4 |    20 |       |    68 |       |       ||    92
       Dart              |       |       |     4 |    32 |     9 |    11 ||    56
Invok: Heroism           |       |       |       |     8 |    10 |     1 ||    19
       Finesse           |       |       |       |     4 |     5 |     1 ||    10
Evoke: Lightning rod     |       |       |       |       |     4 |       ||     4
  Use: Potion            |       |     1 |     4 |     1 |     8 |     2 ||    16
       Scroll            |       |       |       |    17 |    11 |       ||    28
 Stab: Invisible         |       |       |       |       |     2 |       ||     2
Armor: Scale mail        |    92 |   103 |    54 |       |       |       ||   249
       Plate armour      |       |       |   243 |   702 |  1000 |   294 ||  2239
       Acid dragon scale |       |       |       |       |   315 |       ||   315
Dodge: Dodged            |    87 |   103 |   157 |   321 |   571 |   103 ||  1342
Block: Buckler           |    45 |    41 |    89 |   164 |    86 |    42 ||   467

Table legend: (Time is in decaauts)
 A = Elapsed time spent in this place.
 B = Non-inter-level travel time spent in this place.
 C = Inter-level travel time spent in this place.
 D = Time resting spent in this place.
 E = Time spent auto-exploring this place.
 F = Levels seen in this place.
 G = Mean time per level.
                   A        B        C        D        E       F      G
               +--------+--------+--------+--------+--------+-----+--------+
         Total |  37355 |  36069 |   1286 |  12050 |  12739 |  27 | 1383.5 |
       Dungeon |  20352 |  19708 |    644 |   7065 |   6833 |  12 | 1696.0 |
        Temple |    299 |    253 |     46 |     17 |    226 |   1 |  299.0 |
          Lair |  11098 |  10557 |    541 |   3406 |   4148 |   6 | 1849.7 |
         Swamp |   4053 |   4013 |     40 |   1080 |   1189 |   4 | 1013.2 |
   Spider Nest |    330 |    316 |     14 |     38 |     17 |   1 |  330.0 |
  Orcish Mines |     46 |     46 |      0 |      0 |      0 |   1 |   46.0 |
         Sewer |    325 |    325 |      0 |     46 |    110 |   1 |  325.0 |
       Ossuary |    847 |    847 |      0 |    398 |    215 |   1 |  847.0 |
               +--------+--------+--------+--------+--------+-----+--------+

Top non-repeatable levels by time:
    D:11: 3583 daAuts
     D:4: 2490 daAuts
  Lair:6: 2324 daAuts
    D:10: 2188 daAuts
  Lair:5: 2143 daAuts
  Lair:2: 2132 daAuts
 Swamp:4: 2000 daAuts
     D:6: 1931 daAuts
  Lair:1: 1773 daAuts
     D:7: 1747 daAuts
     D:8: 1582 daAuts
     D:9: 1580 daAuts
     D:2: 1521 daAuts
  Lair:3: 1427 daAuts
  Lair:4: 1297 daAuts
